 Dungeon Crawl Stone Soup version 0.17-a0-1479-g4041c36 (webtiles) character file.

1605 Vlagh the Gouger (level 8, -10/51 HPs)
             Began as a Felid Transmuter on July 3, 2015.
             Was a Believer of Elyvilon.
             Mangled by zhaorenw's ghost (21 damage)
             ... on level 8 of the Dungeon.
             The game lasted 01:05:55 (12532 turns).

Vlagh the Gouger (Felid Transmuter)                Turns: 12532, Time: 01:05:56

Health: -10/51     AC: 24    Str:  8    XL:     8   Next: 63%
Magic:  16/16      EV:  4    Int: 18    God:    Elyvilon [**....]
Gold:   9          SH:  0    Dex: 21    Spells: 4 memorised, 6 levels left
                                        Lives:  0   Deaths: 2

rFire  . . .     SeeInvis +       - Unarmed
rCold  . . .     Clarity  .     (armour unavailable)
rNeg   + + +     SustAt   .     (shield unavailable)
rPois  +         Gourm    .     (helmet unavailable)
rElec  .         Spirit   .     (cloak unavailable)
rCorr  .         Warding  .     (gloves unavailable)
rMut   .         Stasis   +     (boots unavailable)
MR     +....                    f - amulet of stasis
Stlth  ++........               w - +4 ring of intelligence
                                E - +3 ring of dexterity

@: lethally poisoned (-10 -> -12), tree-form, somewhat resistant to hostile
enchantments, unstealthy
A: no armour, no weapons or thrown items, (claws 0), (fangs 0), see invisible,
carnivore 3, (speed 0), (shaggy fur 0), slow metabolism 1, (sharp paws)
a: Lesser Healing, Divine Protection, Heal Other, Renounce Religion


You were on level 8 of the Dungeon.
You worshipped Elyvilon.
Elyvilon was pleased with you.
You were not hungry.
You were a tree.
You visited 2 branches of the dungeon, and saw 10 of its levels.
You also visited: Ossuary.

You collected 534 gold pieces.
You spent 525 gold pieces at shops.

Inventory:

Missiles
 a - 111 arrows
Jewellery
 f - an amulet of stasis (around neck)
 q - an uncursed ring of protection from magic
 s - an uncursed ring of magical power
 w - a +4 ring of intelligence (right branch)
 E - a +3 ring of dexterity (left branch)
Magical devices
 y - a wand of flame (34)
 B - a wand of digging (11)
Scrolls
 g - 3 scrolls of amnesia
 h - 5 scrolls of teleportation
 o - a scroll of recharging
 p - 2 scrolls of magic mapping
 r - 3 scrolls of remove curse
 D - 2 scrolls of fear
Potions
 d - a potion of curing
 e - 2 potions of flight
 j - 3 potions of haste
 k - 4 potions of magic
 l - a potion of lignification
 u - 4 potions of resistance
 x - a potion of agility {unknown}
 z - a potion of berserk rage
Books
 b - a book of Changes

   Spells                             Type                      Level
   a - Beastly Appendage              Transmutation                1
   b - Sticks to Snakes               Transmutation                2
   c - Spider Form                    Transmutation/Poison         3
   d - Ice Form                       Ice/Transmutation            4
   e - Blade Hands                    Transmutation                5
 i - a book of Annihilations

   Spells                             Type                      Level
   a - Poison Arrow                   Conjuration/Poison           6
   b - Chain Lightning                Conjuration/Air              8
   c - Lehudib's Crystal Spear        Conjuration/Earth            8
   d - Glaciate                       Conjuration/Ice              9
   e - Fire Storm                     Conjuration/Fire             9
 v - a book of Geomancy

   Spells                             Type                      Level
   a - Sandblast                      Earth                        1
   b - Stoneskin                      Transmutation/Earth          2
   c - Passwall                       Transmutation/Earth          3
   d - Stone Arrow                    Conjuration/Earth            3
   e - Petrify                        Transmutation/Earth          4
   f - Lee's Rapid Deconstruction     Earth                        5
Comestibles
 c - 10 meat rations
 m - 3 beef jerkies
 n - 2 royal jellies
 t - a slice of pizza


   Skills:
 - Level 2.7 Fighting
 - Level 4.5 Dodging
 - Level 11.0 Unarmed Combat
 + Level 4.7 Spellcasting
 * Level 8.7 Transmutations
 - Level 2.0 Ice Magic
 - Level 3.1 Poison Magic


You had 6 spell levels left.
You knew the following spells:

 Your Spells              Type           Power        Failure   Level  Hunger
a - Beastly Appendage     Trmt           #####.       1%          1    None
b - Sticks to Snakes      Trmt           #####.....   1%          2    #......
c - Spider Form           Trmt/Pois      ####......   3%          3    ###....
d - Ice Form              Ice/Trmt       ###.....     17%         4    ####...


Dungeon Overview and Level Annotations

Branches:
Dungeon (9/15)             Temple (1/1) D:5
   Lair: D:8-11         Orc: D:9-12

Altars:
Ashenzari
Cheibriados
Dithmenos
Elyvilon
Fedhas
Gozag
Kikubaaqudgha
Makhleb
Nemelex Xobeh
Okawaru
Qazlal
Ru
Sif Muna
Trog
Vehumet
Xom
Yredelemnul
Zin
The Shining One

Shops:
D:4 [[[[(   D:5 %**   D:6 (   D:7 %   D:9 }

Annotations:
D:8 zhaorenw's ghost, experienced OgHu


Innate Abilities, Weirdness & Mutations

You cannot wear armour.
You are incapable of wielding weapons or throwing items.
((You have sharp claws.))
((You have razor-sharp teeth.))
You have supernaturally acute eyesight.
You are carnivorous and can eat meat at any time.
((You cover ground quickly.))
((You are covered in thick fur (AC +2).))
You have a slow metabolism.
((Your sharp claws are effective at attacking unaware monsters.))


Message History

It was a potion of berserk rage.
You cannot go berserk while under stasis.
You feel sick. The hound bites you.
* * * LOW HITPOINT WARNING * * *
The adder bites you but does no damage.
Your water moccasin bites the hound but does no damage.
Zhaorenw's ghost barely misses you.
Your ball python bites the hound but does no damage.
Your ball python misses the adder.
Your ball python constricts the hound.
The hound bites you but does no damage.
Your water moccasin bites zhaorenw's ghost!
The adder bites you but does no damage.
You cannot move. (Use ctrl+direction to attack without moving.) You're too confused!
You cannot move. (Use ctrl+direction to attack without moving.)
You cannot move. (Use ctrl+direction to attack without moving.)
You feel less invigorated.
You feel less confused. Zhaorenw's ghost hits you!!
You die...

#.#### #.....##.# ##'# #.#
#....<'..# #... #.#
#.....##.###... #.#
#.....'........ #########.#
#.....#........
####........(######.....######...
........###......................
.........##.###.....###.##.###...
.........##.# #.♣...# #.#..# #..#
########.##.# #WhS..###.#..# #..#
#.##.# #SSS...##.#..###..#
#.##.###SS.......#....#...
#.##.....................#
#.#######.....##.....#.... #.#
####.........###.#.#.#
#.###.....#....†...#'#.#.#
#..<...#.##.#..........#..


You could see a hound, zhaorenw's ghost, an adder, a friendly water moccasin and
4 friendly ball pythons.

Vanquished Creatures
  Psyche (D:9)
  A troll (D:9)
  Prince Ribbit (D:7)
  A two-headed ogre (D:8)
  A deep elf mage (D:5)
  Sigmund (D:3)
  5 yaks (D:9)
  A hungry ghost (D:8)
  A sky beast (D:5)
  3 ogres
  3 ice beasts
  A big kobold (D:7)
  A centaur (D:9)
  An elf zombie (Ossuary)
  3 giant frogs
  4 scorpions
  A vampire bat (D:4)
  A giant frog zombie (D:9)
  6 hounds
  A centaur skeleton (D:5)
  2 human zombies (Ossuary)
  A quasit (D:6)
  An orc priest (D:7)
  3 crimson imps
  6 orc wizards
  2 jellies (D:9)
  A giant frog skeleton (D:7)
  3 iguanas
  10 worker ants
  A big kobold zombie (Ossuary)
  2 mummies (Ossuary)
  A worker ant zombie (D:5)
  17 adders
  2 shadow imps
  An ooze (D:1)
  An adder zombie (Ossuary)
  An adder skeleton (D:7)
  2 worms
  3 fire bats (D:4)
  10 giant geckos
  33 orcs
  2 spectral bats (D:4)
  A bat simulacrum (D:4)
  4 bat skeletons (D:4)
  A bat zombie (D:4)
  6 giant cockroaches
  19 hobgoblins
  7 jackals
  16 kobolds
  2 quokkas
  2 ball pythons
  27 bats
  A giant gecko zombie (D:5)
  8 giant newts
  14 goblins
  A goblin zombie (Ossuary)
  14 hobgoblin zombies (Ossuary)
  A jackal zombie (Ossuary)
  7 kobold zombies (Ossuary)
  7 orc zombies (Ossuary)
  A quokka skeleton (D:8)
  A quokka zombie (D:7)
  28 rats
  2 rat zombies
313 creatures vanquished.

Notes
Turn   | Place    | Note
--------------------------------------------------------------
     0 | D:1      | Vlagh the Felid Transmuter began the quest for the Orb.
     0 | D:1      | Reached XP level 1. HP: 9/9 MP: 4/4
   268 | D:1      | Reached XP level 2. HP: 5/12 MP: 6/6
   273 | D:1      | Learned a level 2 spell: Sticks to Snakes
   965 | D:1      | Reached XP level 3. HP: 13/15 MP: 5/7
   977 | D:1      | Learned a level 3 spell: Spider Form
  1116 | D:1      | Reached skill level 4 in Transmutations
  1850 | D:2      | Found a deep blue altar of Sif Muna.
  1871 | D:2      | Reached XP level 4. HP: 19/19 MP: 6/8
  1886 | D:2      | Reached skill level 1 in Poison Magic
  2216 | D:2      | Found a basalt altar of Yredelemnul.
  2231 | D:2      | Found a stormy altar of Qazlal.
  2694 | D:3      | Noticed Sigmund
  2708 | D:3      | Killed Sigmund
  2708 | D:3      | Reached skill level 5 in Transmutations
  2708 | D:3      | Reached XP level 5. HP: 22/22 MP: 3/9
  2708 | D:3      | Gained mutation: You are covered in thick fur (AC +2). [Felid growth]
  2708 | D:3      | Reached XP level 6. HP: 25/25 MP: 3/10
  3112 | D:3      | Found a radiant altar of Vehumet.
  3112 | D:3      | Found a blossoming altar of Fedhas.
  3113 | D:3      | Found a glowing silver altar of Zin.
  3666 | D:4      | Found Tigupeits's Weapon Boutique.
  3830 | D:4      | Reached XP level 7. HP: 21/30 MP: 8/11
  3842 | D:4      | Found Quneun's Antique Armour Boutique.
  3936 | D:4      | Found Xeper's Antique Armour Emporium.
  4186 | D:4      | Reached skill level 5 in Unarmed Combat
  4259 | D:4      | Learned a level 4 spell: Ice Form
  4773 | D:4      | Found Poqapix's Antique Armour Shoppe.
  5139 | D:4      | Found Emays's Antique Armour Emporium.
  5450 | D:5      | Entered Level 5 of the Dungeon
  5829 | D:5      | Found Gawoaf's General Store.
  5834 | D:5      | Bought an uncursed amulet of stasis for 192 gold pieces
  5999 | D:5      | Reached skill level 6 in Unarmed Combat
  6072 | D:5      | Found Eruf Vol's Food Boutique.
  6085 | D:5      | Found Ahath's Assorted Antiques.
  6089 | D:5      | Bought an orange potion for 20 gold pieces
  6140 | D:5      | Reached XP level 8. HP: 26/34 MP: 5/12
  6240 | D:5      | Noticed a deep elf mage
  6253 | D:5      | Killed a deep elf mage
  6253 | D:5      | Reached skill level 7 in Unarmed Combat
  6658 | D:5      | Found a staircase to the Ecumenical Temple.
  6664 | Temple   | Entered the Ecumenical Temple
  6774 | Temple   | Became a worshipper of Elyvilon the Healer
  7218 | D:6      | Reached skill level 8 in Unarmed Combat
  7407 | D:6      | Found Fuanax's Weapon Boutique.
  7516 | D:6      | Found a sparkling altar of Nemelex Xobeh.
  7924 | D:7      | Found a sand-covered staircase.
  7939 | Ossuary  | Entered an ossuary
  8231 | Ossuary  | Reached skill level 9 in Unarmed Combat
  8997 | D:7      | Acquired Elyvilon's first power
  9067 | D:7      | Reached XP level 9. HP: 30/37 MP: 10/13
  9237 | D:7      | Reached skill level 10 in Unarmed Combat
  9326 | D:7      | Noticed Prince Ribbit
  9337 | D:7      | Killed Prince Ribbit
  9981 | D:7      | Found Hiovumep's Food Emporium.
 10103 | D:8      | Reached skill level 11 in Unarmed Combat
 10128 | D:8      | Acquired Elyvilon's second power
 10667 | D:8      | Reached skill level 1 in Ice Magic
 10951 | D:9      | Slain by a yak
 10952 | D:9      | Reached XP level 8. HP: -4/34 MP: 13/14
 11017 | D:9      | Reached XP level 9. HP: 37/37 MP: 11/15
 11139 | D:9      | Noticed Psyche
 11146 | D:9      | Killed Psyche
 11957 | D:9      | Found Voigg's Gadget Emporium.
 12148 | D:5      | Bought a tubular bone ring for 115 gold pieces
 12214 | D:5      | Bought a potion of haste for 110 gold pieces
 12214 | D:5      | Bought a potion of ambrosia for 88 gold pieces
 12492 | D:8      | Noticed zhaorenw's ghost (experienced OgHu)
 12496 | D:8      | Annihilated by zhaorenw's ghost
 12497 | D:8      | Reached XP level 8. HP: -24/34 MP: 14/16
 12532 | D:8      | Mangled by zhaorenw's ghost

Vault maps used:
D:1:      dpeg_arrival_rooms_c
D:2:      amethyst_overflow_temple_binary, nicolae_overflow_hidden_temple,
          first_bread, feat_on_display
D:3:      gammafunk_temple_overflow_claw, uniq_sigmund
D:4:      serial_shops, nicolae_shop_trees, shop, nicolae_shop_stone, shop,
          shop, goddamned_bats
D:5:      minmay_temple_entry_fiery, serial_shops, kennysheep_mini_moat,
          kennysheep_little_box, nicolae_shop_behind_doors
D:6:      overflow_temple_1_default, serial_shops, shop
D:7:      enter_ossuary_4, serial_shops, shop, uniq_prince_ribbit1
D:9:      serial_shops, shop, uniq_psyche
Temple:   circular_temple_12
Ossuary:  ossuary_tomb_1

Action                   |  1- 3 |  4- 6 |  7- 9 || total
-------------------------+-------+-------+-------++-------
Melee: Unarmed           |   109 |   146 |   584 ||   839
 Cast: Beastly Appendage |    17 |    17 |    19 ||    53
       Spider Form       |     6 |    15 |    88 ||   109
       Sticks to Snakes  |       |       |     4 ||     4
 Abil: End Transformatio |       |     1 |       ||     1
Evoke: Wand              |       |       |     1 ||     1
  Use: Potion            |     1 |       |    15 ||    16
       Scroll            |       |     4 |    16 ||    20
 Stab: Sleeping          |     2 |     4 |     8 ||    14
  Eat: Chunk             |    11 |     6 |    38 ||    55
